 Dungeon Crawl Stone Soup version 0.21-a0-356-g45b0a09 (webtiles) character file.

12985 tidbits the Infuser (level 12, -5/93 HPs)
             Began as a Gnoll Skald on Oct 12, 2017.
             Was a High Priest of Cheibriados.
             Slain by an ice devil (8 damage)
             ... on level 2 of the Orcish Mines.
             The game lasted 00:52:06 (4771 turns).

tidbits the Infuser (Gnoll Skald)                   Turns: 4771, Time: 00:52:07

Health: -5/93      AC: 11    Str: 29    XL:     12   Next: 1%
Magic:  18/24      EV: 17    Int: 38    God:    Cheibriados [*****.]
Gold:   1410       SH: 18    Dex: 26    Spells: 18/28 levels left

rFire    . . .     SeeInvis +   a - +1 war axe (chop)
rCold    . . .     Gourm    .   D - +5 shield "Qanaribb" {rPois Str+3 Int-4 Slay+3 SInv}
rNeg     + . .     Faith    .   B - +2 ring mail {rN+}
rPois    +         Spirit   .   E - +0 hat {Int+3}
rElec    .         Reflect  .   C - +0 cloak
rCorr    .         Harm     .   G - +0 pair of gloves
MR       .....                  (no boots)
Stlth    +++.......             e - amulet of regeneration
HPRegen  0.65/turn              b - +6 ring of intelligence
MPRegen  0.19/turn              (no ring)

@: singing, very slow
A: distributed training, fangs 1, strong nose
a: Bend Time, Temporal Distortion, Slouch, Step From Time, Renounce Religion


You were on level 2 of the Orcish Mines.
You worshipped Cheibriados.
Cheibriados was extremely pleased with you.
You were not hungry.

You visited 2 branches of the dungeon, and saw 15 of its levels.
You also visited: Ossuary.

You collected 1613 gold pieces.
You spent 203 gold pieces at shops.

Inventory:

Hand Weapons
 a - a +1 war axe of chopping (weapon)
   (You took it off an orc on level 3 of the Dungeon)
 g - a +0 blowgun
 h - a +0 trident
 v - a +0 whip of venom
   (You took it off a gnoll on level 3 of the Dungeon)
 Q - a +0 morningstar
Missiles
 j - 7 tomahawks of returning (quivered)
 m - 140 arrows
 q - 21 tomahawks
 y - 6 throwing nets {!f}
Armour
 k - a +0 ring mail
 B - a +2 ring mail of positive energy (worn)
   (You took it off an orc on level 2 of the Orcish Mines)
 C - a +0 cloak (worn)
 D - the +5 shield "Qanaribb" (worn) {rPois Str+3 Int-4 Slay+3 SInv}
   (You found it on level 7 of the Dungeon)

   It affects your strength (+3).
   It affects your intelligence (-4).
   It affects your accuracy and damage with ranged weapons and melee attacks
   (+3).
   It protects you from poison.
   It lets you see invisible.
 E - a +0 hat of intelligence (worn)
   (You took it off Gastronok on level 8 of the Dungeon)
 G - a +0 pair of gloves (worn)
Jewellery
 b - a +6 ring of intelligence (left hand)
   (You found it on level 10 of the Dungeon)
 e - an amulet of regeneration (around neck)
   (You found it on level 1 of the Dungeon)
Wands
 s - a wand of confusion (25/48)
 P - a wand of scattershot (4/9)
 W - a wand of enslavement (3/24)
Scrolls
 i - 4 scrolls of enchant armour
 n - 2 scrolls of enchant weapon
 p - 4 scrolls of teleportation
 r - 4 scrolls of remove curse
 u - a scroll of random uselessness {unknown}
 A - 3 scrolls of immolation
 M - a scroll of acquirement {unknown}
 O - a scroll of noise
 T - 4 scrolls of fog
 U - a scroll of summoning
 V - a scroll of magic mapping
 X - 2 scrolls of amnesia
Potions
 f - 6 potions of curing
 o - a potion of might
 x - a potion of heal wounds {unknown}
 z - 2 potions of invisibility
 H - 3 potions of cancellation
 J - 2 potions of flight {unknown}
 K - a potion of agility {unknown}
 N - 2 potions of magic {unknown}
 S - 2 potions of lignification {unknown}
 Z - 2 potions of resistance {unknown}
Comestibles
 d - 5 bread rations


   Skills:
 + Level 8.2 Fighting
 + Level 6.7 Short Blades
 + Level 6.7 Long Blades
 + Level 8.2 Axes
 + Level 6.7 Maces & Flails
 + Level 6.7 Polearms
 + Level 6.7 Staves
 + Level 6.7 Slings
 + Level 6.7 Bows
 + Level 6.7 Crossbows
 + Level 6.7 Throwing
 + Level 7.2 Armour
 + Level 8.2 Dodging
 + Level 6.7 Stealth
 + Level 6.7 Shields
 + Level 6.7 Unarmed Combat
 + Level 8.5 Spellcasting
 + Level 6.7 Conjurations
 + Level 6.7 Hexes
 + Level 9.4 Charms
 + Level 6.7 Summonings
 + Level 6.7 Necromancy
 + Level 6.7 Translocations
 + Level 6.7 Transmutations
 + Level 6.7 Fire Magic
 + Level 6.7 Ice Magic
 + Level 6.7 Air Magic
 + Level 6.7 Earth Magic
 + Level 6.7 Poison Magic
 + Level 6.7 Invocations
 + Level 6.7 Evocations


You had 18 spell levels left.
You knew the following spells:

 Your Spells              Type           Power        Failure   Level  Hunger
g - Shroud of Golubria    Chrm/Tloc      ######....   1%          2    None
r - Regeneration          Chrm/Necr      ######....   1%          3    None
w - Spectral Weapon       Hex/Chrm       ######..     1%          3    None
y - Song of Slaying       Chrm           ######..     1%          2    None


Dungeon Overview and Level Annotations

Branches:
Dungeon (13/15)            Temple (0/1) D:6             Orc (2/2) D:11
    Elf (0/3) Orc:2        Vaults (0/5) D:13
   Lair: D:8-11

Altars:
Ashenzari
Cheibriados
Hepliaklqana
Nemelex Xobeh
Sif Muna
Uskayaw
Vehumet
The Shining One

Shops:
D:4 *   D:7 (   D:8 :[=[   D:11 [

Annotations:
D:7 Joseph


Innate Abilities, Weirdness & Mutations

Your experience applies equally to all skills.
You have very sharp teeth.
Your uncanny sense of smell can sniff out nearby items.


Message History

Beogh smites you! The red devil misses you.
Your skin stops crawling.
The red devil completely misses you.
You swap places.
The red devil misses you.
An orc comes into view.
Casting: Spectral Weapon
Confirm with . or Enter, or press ? or * to list all spells.
You start singing a song of slaying.
The red devil hits you but does no damage.
You block the orc priest's attack.
You slash the orc priest! You bite the orc priest.
You kill the orc priest!
Cheibriados appreciates the change of pace.
You hit the orc warrior but do no damage.
You hit the red devil.
The red devil hops backward while attacking.
You block the red devil's attack.
The orc warrior hits you with a battleaxe!
Unknown command.
You hit the orc warrior.
The orc warrior is lightly wounded.
You hit the orc warrior.
Your spectral weapon hits the orc warrior.
Your spectral weapon hits the orc warrior!
You block the red devil's attack.
The orc warrior misses your spectral weapon.
The orc warrior hits your spectral weapon with a battleaxe!
Your spectral weapon shares its damage with you!
The orc warrior hits you with a battleaxe!
Unknown command.
You slash the orc warrior! You bite the orc warrior.
You kill the orc warrior!
Cheibriados appreciates the change of pace.
You hit the orc warrior. The red devil misses you.
You block the orc warrior's attack.
The orc warrior closely misses your spectral weapon.
An ice devil comes into view.
You hit the orc warrior but do no damage.
The orc warrior is severely wounded.
You hear a shout!
Your spectral weapon fades away.
The red devil hits you but does no damage.
The orc warrior barely misses you.
You hear a shout! x2
You slash the orc!
You kill the orc!
Cheibriados appreciates the change of pace.
Your shield and ring mail prevent you from hitting the orc warrior.
You hear a shout!
You block the red devil's attack. You block the orc warrior's attack.
You hear a shout!
You closely miss the orc warrior.
You bite the orc warrior, but do no damage.
The orc warrior is severely wounded.
The red devil hits you from afar with a trident!
* * * LOW HITPOINT WARNING * * *
The orc warrior completely misses you.
Evoke which item? (* to show all) (? for menu, Esc to quit)
Aiming: Scattershot
Press: ? - help, Shift-Dir - straight line, f - ice devil, p - red devil
Aim: an ice devil The burst of metal fragments hits the red devil.
The burst of metal fragments hits the ice devil.
The burst of metal fragments hits the red devil. x3
You kill the red devil!
Cheibriados thoroughly appreciates the change of pace.
You have reached level 12!
Your experience leads to an increase in your attributes!
Your base attributes are Str 14, Int 19, Dex 14.
Increase (S)trength, (I)ntelligence, or (D)exterity?
You feel clever. x2
The burst of metal fragments hits the ice devil.
The ice devil is moderately wounded.
This wand has 0 charges left.
You hear a shout!
Unknown command.
Okay, then.
Charge which item? (? for menu, Esc to quit)
As you read the scroll of recharging, it crumbles to dust.
Your wand of scattershot (0/9) glows for a moment and now has 4 charges.
You block the orc warrior's attack.
You hit the orc warrior but do no damage.
The orc warrior is severely wounded.
The orc warrior hits you with a battleaxe!
* * * LOW HITPOINT WARNING * * *
The ice devil hits you!
* * * LOW HITPOINT WARNING * * *
The ice devil freezes you!
* * * LOW HITPOINT WARNING * * *
Okay, then.
Okay, then.
Okay, then.
You can feel time thicken for a moment.
You kill the orc warrior!
Cheibriados appreciates the change of pace.
Cheibriados raises the support of your attributes as your movement slows.
You feel somewhat more hungry.
Cheibriados lowers the support of your attributes as your movement quickens.
The ice devil hits you!
You die...

### ## ##.## #.. ##.))##
##..#####..@4.##
.##.....#....##).##
.#.#^.........###..#
...#.........# ##).#
##.......#...## #)(#
#...........## ###()#
...#....)..####.###...
######.#..)[....##...# #...
.≈.##......).........####..


You could see an ice devil.

Vanquished Creatures
  Gastronok (D:8)
  2 two-headed ogres
  3 orc knights (Orc:1)
  An ugly thing (D:12)
  An orc sorcerer (Orc:1)
  A red devil (Orc:2)
  A troll (D:11)
  4 slime creatures (D:11)
  3 hippogriffs
  A shadow (D:12)
  A steam dragon (D:10)
  2 hungry ghosts
  An acid dragon (D:11)
  A water moccasin (D:11)
  3 ice beasts
  2 black bears
  18 orc warriors
  2 sky beasts
  4 phantoms
  8 ogres
  A centaur (D:11)
  A big kobold (D:10)
  3 bullfrogs
  A scorpion (D:12)
  2 wights (D:10)
  4 howler monkeys
  2 crimson imps
  A quasit (D:6)
  A centaur skeleton (D:6)
  15 orc priests
  3 jellies
  15 orc wizards
  4 iguanas
  Terence (D:2)
  4 worker ants
  A hound skeleton (D:12)
  A mummy (Ossuary)
  13 gnolls
  7 adders
  3 shadow imps
  An ooze (D:3)
  An adder skeleton (D:10)
  2 dart slugs
  5 leopard geckos
  47 orcs
  5 giant cockroaches
  A gnoll zombie (Ossuary)
  6 goblins
  5 hobgoblins (D:1)
  2 jackals (D:4)
  9 kobolds
  A ball python (D:1)
  3 bats (D:1)
  2 frilled lizards (D:2)
  2 gnoll skeletons (Ossuary)
  A goblin skeleton (Ossuary)
  3 goblin zombies (Ossuary)
  3 hobgoblin skeletons (Ossuary)
  2 hobgoblin zombies (Ossuary)
  A kobold skeleton (Ossuary)
  2 kobold zombies (Ossuary)
  An orc skeleton (Ossuary)
  4 orc zombies (Ossuary)
  8 rats
  3 rat skeletons (Ossuary)
  A rat zombie (Ossuary)
  A spectral weapon (Orc:1)
265 creatures vanquished.

Vanquished Creatures (collateral kills)
  2 wargs (Orc:1)
  An orc warrior (Orc:1)
  An orc wizard (D:7)
  An orc priest (D:6)
  3 orcs
8 creatures vanquished.

Vanquished Creatures (others)
  An ugly thing (D:11)
  Menkaure (Ossuary)
  A wight (D:10)
  2 mummies (Ossuary)
  4 gnoll zombies (Ossuary)
  2 gnoll skeletons (Ossuary)
  2 goblin skeletons (Ossuary)
  3 goblin zombies (Ossuary)
  4 hobgoblin skeletons (Ossuary)
  A hobgoblin zombie (Ossuary)
  A kobold skeleton (Ossuary)
  4 orc skeletons (Ossuary)
  2 orc zombies (Ossuary)
  A rat skeleton (Ossuary)
  2 rat zombies (Ossuary)
  2 bushes (D:12)
  A spectral weapon (Orc:2)
34 creatures vanquished.

Grand Total: 307 creatures vanquished

Notes
Turn   | Place    | Note
-------+----------+-------------------------------------------
     0 | D:1      | tidbits the Gnoll Skald began the quest for the Orb.
     0 | D:1      | Reached XP level 1. HP: 20/20 MP: 6/6
    83 | D:1      | Reached XP level 2. HP: 26/26 MP: 1/7
   107 | D:2      | Found a hazy altar of Hepliaklqana.
   117 | D:2      | Found a glowing golden altar of the Shining One.
   209 | D:1      | Learned a level 2 spell: Song of Slaying
   219 | D:1      | Learned a level 2 spell: Shroud of Golubria
   386 | D:1      | Reached XP level 3. HP: 31/31 MP: 5/9
   439 | D:2      | Reached skill level 5 in Spellcasting
   447 | D:2      | Learned a level 3 spell: Regeneration
   451 | D:2      | Learned a level 3 spell: Spectral Weapon
   466 | D:4      | Noticed a phantom
   631 | D:2      | Reached skill level 1 in Short Blades
   631 | D:2      | Reached skill level 1 in Long Blades
   631 | D:2      | Reached skill level 1 in Maces & Flails
   631 | D:2      | Reached skill level 1 in Polearms
   631 | D:2      | Reached skill level 1 in Staves
   631 | D:2      | Reached skill level 1 in Slings
   631 | D:2      | Reached skill level 1 in Bows
   631 | D:2      | Reached skill level 1 in Crossbows
   631 | D:2      | Reached skill level 1 in Throwing
   631 | D:2      | Reached skill level 1 in Stealth
   631 | D:2      | Reached skill level 1 in Shields
   631 | D:2      | Reached skill level 1 in Unarmed Combat
   631 | D:2      | Reached skill level 1 in Conjurations
   631 | D:2      | Reached skill level 1 in Hexes
   631 | D:2      | Reached skill level 1 in Summonings
   631 | D:2      | Reached skill level 1 in Necromancy
   631 | D:2      | Reached skill level 1 in Translocations
   631 | D:2      | Reached skill level 1 in Transmutations
   631 | D:2      | Reached skill level 1 in Fire Magic
   631 | D:2      | Reached skill level 1 in Ice Magic
   631 | D:2      | Reached skill level 1 in Air Magic
   631 | D:2      | Reached skill level 1 in Earth Magic
   631 | D:2      | Reached skill level 1 in Poison Magic
   631 | D:2      | Reached skill level 1 in Invocations
   631 | D:2      | Reached skill level 1 in Evocations
   631 | D:2      | Reached XP level 4. HP: 38/38 MP: 6/11
   925 | D:2      | Noticed Terence
   931 | D:2      | Killed Terence
   999 | D:3      | Reached XP level 5. HP: 43/43 MP: 5/12
  1089 | D:4      | Found a deep blue altar of Sif Muna.
  1089 | D:4      | Found a shattered altar of Ashenzari.
  1105 | D:4      | Found Kigekat's Assorted Antiques.
  1122 | D:4      | Bought a bubbling red potion for 23 gold pieces
  1122 | D:4      | Bought a murky silvery potion for 23 gold pieces
  1122 | D:4      | Bought a scroll labeled IRUETY PILUOPH for 26 gold pieces
  1122 | D:4      | Bought a murky silvery potion for 23 gold pieces
  1138 | D:4      | Killed a phantom
  1138 | D:4      | Reached skill level 3 in Armour
  1138 | D:4      | Reached XP level 6. HP: 47/50 MP: 3/13
  1219 | D:5      | Entered Level 5 of the Dungeon
  1266 | D:4      | Found a snail-covered altar of Cheibriados.
  1274 | D:4      | Became a worshipper of Cheibriados the Contemplative
  1278 | D:4      | Reached skill level 5 in Fighting
  1278 | D:4      | Reached skill level 2 in Short Blades
  1278 | D:4      | Reached skill level 2 in Long Blades
  1278 | D:4      | Reached skill level 5 in Axes
  1278 | D:4      | Reached skill level 2 in Maces & Flails
  1278 | D:4      | Reached skill level 2 in Polearms
  1278 | D:4      | Reached skill level 2 in Staves
  1278 | D:4      | Reached skill level 2 in Slings
  1278 | D:4      | Reached skill level 2 in Bows
  1278 | D:4      | Reached skill level 2 in Crossbows
  1278 | D:4      | Reached skill level 2 in Throwing
  1278 | D:4      | Reached skill level 5 in Dodging
  1278 | D:4      | Reached skill level 2 in Stealth
  1278 | D:4      | Reached skill level 2 in Shields
  1278 | D:4      | Reached skill level 2 in Unarmed Combat
  1278 | D:4      | Reached skill level 2 in Conjurations
  1278 | D:4      | Reached skill level 2 in Hexes
  1278 | D:4      | Reached skill level 2 in Summonings
  1278 | D:4      | Reached skill level 2 in Necromancy
  1278 | D:4      | Reached skill level 2 in Translocations
  1278 | D:4      | Reached skill level 2 in Transmutations
  1278 | D:4      | Reached skill level 2 in Fire Magic
  1278 | D:4      | Reached skill level 2 in Ice Magic
  1278 | D:4      | Reached skill level 2 in Air Magic
  1278 | D:4      | Reached skill level 2 in Earth Magic
  1278 | D:4      | Reached skill level 2 in Poison Magic
  1278 | D:4      | Reached skill level 2 in Invocations
  1278 | D:4      | Reached skill level 2 in Evocations
  1382 | D:5      | Noticed a sky beast
  1393 | D:5      | Killed a sky beast
  1393 | D:5      | Reached XP level 7. HP: 27/56 MP: 12/15
  1634 | D:5      | Reached skill level 7 in Charms
  1744 | D:7      | Got a brightly glowing shield
  1779 | D:6      | Identified the +5 shield "Qanaribb" {rPois Str+3 Int-4 Slay+3 SInv} (You found it on level 7 of the Dungeon)
  1819 | D:6      | Reached * piety under Cheibriados
  1910 | D:7      | Noticed a hippogriff
  1917 | D:7      | Killed a hippogriff
  1917 | D:7      | Reached skill level 4 in Armour
  1917 | D:7      | Reached XP level 8. HP: 29/63 MP: 13/16
  1920 | D:7      | Found a sand-covered staircase.
  1930 | Ossuary  | Entered an ossuary
  1997 | Ossuary  | Reached skill level 3 in Short Blades
  1997 | Ossuary  | Reached skill level 3 in Long Blades
  1997 | Ossuary  | Reached skill level 3 in Maces & Flails
  1997 | Ossuary  | Reached skill level 3 in Polearms
  1997 | Ossuary  | Reached skill level 3 in Staves
  1997 | Ossuary  | Reached skill level 3 in Slings
  1997 | Ossuary  | Reached skill level 3 in Bows
  1997 | Ossuary  | Reached skill level 3 in Crossbows
  1997 | Ossuary  | Reached skill level 3 in Throwing
  1997 | Ossuary  | Reached skill level 3 in Stealth
  1997 | Ossuary  | Reached skill level 3 in Shields
  1997 | Ossuary  | Reached skill level 3 in Unarmed Combat
  1997 | Ossuary  | Reached skill level 3 in Conjurations
  1997 | Ossuary  | Reached skill level 3 in Hexes
  1997 | Ossuary  | Reached skill level 3 in Summonings
  1997 | Ossuary  | Reached skill level 3 in Necromancy
  1997 | Ossuary  | Reached skill level 3 in Translocations
  1997 | Ossuary  | Reached skill level 3 in Transmutations
  1997 | Ossuary  | Reached skill level 3 in Fire Magic
  1997 | Ossuary  | Reached skill level 3 in Ice Magic
  1997 | Ossuary  | Reached skill level 3 in Air Magic
  1997 | Ossuary  | Reached skill level 3 in Earth Magic
  1997 | Ossuary  | Reached skill level 3 in Poison Magic
  1997 | Ossuary  | Reached skill level 3 in Invocations
  1997 | Ossuary  | Reached skill level 3 in Evocations
  2054 | Ossuary  | Killed Menkaure
  2229 | D:6      | Reached ** piety under Cheibriados
  2229 | D:6      | Reached skill level 6 in Spellcasting
  2237 | D:6      | Found a staircase to the Ecumenical Temple.
  2460 | D:6      | Found a snail-covered altar of Cheibriados.
  2538 | D:7      | Reached XP level 9. HP: 47/69 MP: 13/18
  2548 | D:7      | Reached skill level 6 in Fighting
  2548 | D:7      | Reached skill level 6 in Axes
  2548 | D:7      | Reached skill level 6 in Dodging
  2595 | D:7      | Reached *** piety under Cheibriados
  2605 | D:7      | Found a radiant altar of Vehumet.
  2698 | D:8      | Found Xoczoaqi's Book Shoppe.
  2701 | D:8      | Reached skill level 4 in Short Blades
  2701 | D:8      | Reached skill level 4 in Long Blades
  2701 | D:8      | Reached skill level 4 in Maces & Flails
  2701 | D:8      | Reached skill level 4 in Polearms
  2701 | D:8      | Reached skill level 4 in Staves
  2701 | D:8      | Reached skill level 4 in Slings
  2701 | D:8      | Reached skill level 4 in Bows
  2701 | D:8      | Reached skill level 4 in Crossbows
  2701 | D:8      | Reached skill level 4 in Throwing
  2701 | D:8      | Reached skill level 4 in Stealth
  2701 | D:8      | Reached skill level 4 in Shields
  2701 | D:8      | Reached skill level 4 in Unarmed Combat
  2701 | D:8      | Reached skill level 4 in Conjurations
  2701 | D:8      | Reached skill level 4 in Hexes
  2701 | D:8      | Reached skill level 4 in Summonings
  2701 | D:8      | Reached skill level 4 in Necromancy
  2701 | D:8      | Reached skill level 4 in Translocations
  2701 | D:8      | Reached skill level 4 in Transmutations
  2701 | D:8      | Reached skill level 4 in Fire Magic
  2701 | D:8      | Reached skill level 4 in Ice Magic
  2701 | D:8      | Reached skill level 4 in Air Magic
  2701 | D:8      | Reached skill level 4 in Earth Magic
  2701 | D:8      | Reached skill level 4 in Poison Magic
  2701 | D:8      | Reached skill level 4 in Invocations
  2701 | D:8      | Reached skill level 4 in Evocations
  2710 | D:7      | Found Depipus's Weapon Emporium.
  2710 | D:7      | Noticed Joseph
  2821 | D:8      | Noticed Gastronok
  2846 | D:8      | Killed Gastronok
  2846 | D:8      | Reached skill level 5 in Armour
  2846 | D:8      | Reached skill level 7 in Spellcasting
  2846 | D:8      | Reached skill level 8 in Charms
  2846 | D:8      | Reached XP level 10. HP: 23/77 MP: 12/20
  2861 | D:8      | Found Ecves's Jewellery Shoppe.
  2910 | D:8      | Found Hoah's Antique Armour Shop.
  2937 | D:8      | Found Poan's Armour Shoppe.
  2951 | D:8      | Bought a +0 cloak for 54 gold pieces
  2951 | D:8      | Bought a +0 pair of gloves for 54 gold pieces
  2980 | D:9      | Reached skill level 5 in Short Blades
  2980 | D:9      | Reached skill level 5 in Long Blades
  2980 | D:9      | Reached skill level 5 in Maces & Flails
  2980 | D:9      | Reached skill level 5 in Polearms
  2980 | D:9      | Reached skill level 5 in Staves
  2980 | D:9      | Reached skill level 5 in Slings
  2980 | D:9      | Reached skill level 5 in Bows
  2980 | D:9      | Reached skill level 5 in Crossbows
  2980 | D:9      | Reached skill level 5 in Throwing
  2980 | D:9      | Reached skill level 5 in Stealth
  2980 | D:9      | Reached skill level 5 in Shields
  2980 | D:9      | Reached skill level 5 in Unarmed Combat
  2980 | D:9      | Reached skill level 5 in Conjurations
  2980 | D:9      | Reached skill level 5 in Hexes
  2980 | D:9      | Reached skill level 5 in Summonings
  2980 | D:9      | Reached skill level 5 in Necromancy
  2980 | D:9      | Reached skill level 5 in Translocations
  2980 | D:9      | Reached skill level 5 in Transmutations
  2980 | D:9      | Reached skill level 5 in Fire Magic
  2980 | D:9      | Reached skill level 5 in Ice Magic
  2980 | D:9      | Reached skill level 5 in Air Magic
  2980 | D:9      | Reached skill level 5 in Earth Magic
  2980 | D:9      | Reached skill level 5 in Poison Magic
  2980 | D:9      | Reached skill level 5 in Invocations
  2980 | D:9      | Reached skill level 5 in Evocations
  3122 | D:8      | Found a hide-covered altar of Uskayaw.
  3185 | D:10     | Entered Level 10 of the Dungeon
  3391 | D:10     | Reached **** piety under Cheibriados
  3434 | D:11     | Reached skill level 7 in Fighting
  3434 | D:11     | Reached skill level 7 in Axes
  3434 | D:11     | Reached skill level 7 in Dodging
  3464 | D:11     | Reached skill level 6 in Armour
  3497 | D:11     | Noticed a purple ugly thing
  3498 | D:11     | Noticed a two-headed ogre
  3513 | D:11     | Killed a two-headed ogre
  3559 | D:11     | Found Sorghyawi's Armour Emporium.
  3588 | D:11     | Reached XP level 11. HP: 82/84 MP: 16/22
  3743 | D:13     | Found a gate to the Vaults.
  3754 | D:12     | Noticed a cyan ugly thing
  3794 | D:12     | Reached ***** piety under Cheibriados
  3825 | D:12     | Killed a cyan ugly thing
  3863 | D:11     | Reached skill level 9 in Charms
  3915 | D:10     | Reached skill level 6 in Short Blades
  3915 | D:10     | Reached skill level 6 in Long Blades
  3915 | D:10     | Reached skill level 6 in Maces & Flails
  3915 | D:10     | Reached skill level 6 in Polearms
  3915 | D:10     | Reached skill level 6 in Staves
  3915 | D:10     | Reached skill level 6 in Slings
  3915 | D:10     | Reached skill level 6 in Bows
  3915 | D:10     | Reached skill level 6 in Crossbows
  3915 | D:10     | Reached skill level 6 in Throwing
  3915 | D:10     | Reached skill level 6 in Stealth
  3915 | D:10     | Reached skill level 6 in Shields
  3915 | D:10     | Reached skill level 6 in Unarmed Combat
  3915 | D:10     | Reached skill level 6 in Conjurations
  3915 | D:10     | Reached skill level 6 in Hexes
  3915 | D:10     | Reached skill level 6 in Summonings
  3915 | D:10     | Reached skill level 6 in Necromancy
  3915 | D:10     | Reached skill level 6 in Translocations
  3915 | D:10     | Reached skill level 6 in Transmutations
  3915 | D:10     | Reached skill level 6 in Fire Magic
  3915 | D:10     | Reached skill level 6 in Ice Magic
  3915 | D:10     | Reached skill level 6 in Air Magic
  3915 | D:10     | Reached skill level 6 in Earth Magic
  3915 | D:10     | Reached skill level 6 in Poison Magic
  3915 | D:10     | Reached skill level 6 in Invocations
  3915 | D:10     | Reached skill level 6 in Evocations
  3946 | D:9      | Noticed a two-headed ogre
  3949 | D:10     | Killed a two-headed ogre
  3949 | D:10     | Reached skill level 8 in Spellcasting
  4016 | D:12     | Found a sparkling altar of Nemelex Xobeh.
  4033 | D:11     | Found a staircase to the Orcish Mines.
  4051 | Orc:1    | Entered Level 1 of the Orcish Mines
  4110 | Orc:1    | Noticed an orc knight
  4128 | Orc:1    | Killed an orc knight
  4205 | Orc:2    | Entered Level 2 of the Orcish Mines
  4239 | Orc:2    | Found a staircase to the Elven Halls.
  4382 | Orc:1    | Noticed an orc sorcerer
  4384 | Orc:1    | Noticed an orc knight
  4387 | Orc:1    | Noticed an orc knight
  4389 | Orc:1    | Killed an orc sorcerer
  4391 | Orc:1    | Reached skill level 8 in Fighting
  4391 | Orc:1    | Reached skill level 8 in Axes
  4391 | Orc:1    | Reached skill level 7 in Armour
  4391 | Orc:1    | Reached skill level 8 in Dodging
  4393 | Orc:1    | HP: 7/86 [orc knight/halberd (38)]
  4418 | Orc:1    | Killed an orc knight
  4457 | Orc:1    | Killed an orc knight
  4642 | Orc:2    | Found a deep blue altar of Sif Muna.
  4768 | Orc:2    | Reached XP level 12. HP: 33/93 MP: 22/24
  4770 | Orc:2    | HP: 3/93 [ice devil (9)]
  4771 | Orc:2    | Slain by an ice devil

Vault maps used:
D:1:      minmay_arrival_checkered_box
D:2:      minitemple, uniq_terence
D:3:      first_bread, serial_bayou_lagoon_a
D:4:      gammafunk_temple_overflow_pools, serial_shops, shop,
          serial_bayou_pond_e, kennysheep_slug_shrine
D:6:      nicolae_overflow_crystal_walls, minmay_temple_entry_overgrown
D:7:      kennysheep_mini, serial_shops, shop_statue,
          lightli_ossuary_entry_decrepit_ruins, uniq_joseph
D:8:      nicolae_overflow_hidden_temple, serial_shops, nicolae_shop_trees,
          shop, kennysheep_mini_moat, shop_fountains, uniq_gastronok
D:9:      cheibrodos_statue_roulette, gammafunk_temple_overflow_elements,
          minmay_lair_entry_grove, david_nohive_1
D:11:     serial_glass, glass_columns_a, glass_columns_a, serial_shops, shop,
          sword_in_stone
D:12:     cheibrodos_tormentor_scu, basic_altar, minmay_hedge_maze,
          nemelex_xobeh_ov_fountains_minmay, uniq_fannar
D:13:     david_vaults_2
Orc:2:    pf_orc_diabolical, led_sif_book
Ossuary:  ossuary_due_pyramid

Skill      XL: |  1  2  3  4  5  6  7  8  9 10 11 |
---------------+----------------------------------+-----
Spellcasting   | 5 6 7 8 |  8.5
Short Blades   | 1 2 3 4 5 6 |  6.7
Long Blades    | 1 2 3 4 5 6 |  6.7
Maces & Flails | 1 2 3 4 5 6 |  6.7
Polearms       | 1 2 3 4 5 6 |  6.7
Staves         | 1 2 3 4 5 6 |  6.7
Slings         | 1 2 3 4 5 6 |  6.7
Bows           | 1 2 3 4 5 6 |  6.7
Crossbows      | 1 2 3 4 5 6 |  6.7
Throwing       | 1 2 3 4 5 6 |  6.7
Stealth        | 1 2 3 4 5 6 |  6.7
Shields        | 1 2 3 4 5 6 |  6.7
Unarmed Combat | 1 2 3 4 5 6 |  6.7
Conjurations   | 1 2 3 4 5 6 |  6.7
Hexes          | 1 2 3 4 5 6 |  6.7
Summonings     | 1 2 3 4 5 6 |  6.7
Necromancy     | 1 2 3 4 5 6 |  6.7
Translocations | 1 2 3 4 5 6 |  6.7
Transmutations | 1 2 3 4 5 6 |  6.7
Fire Magic     | 1 2 3 4 5 6 |  6.7
Ice Magic      | 1 2 3 4 5 6 |  6.7
Air Magic      | 1 2 3 4 5 6 |  6.7
Earth Magic    | 1 2 3 4 5 6 |  6.7
Poison Magic   | 1 2 3 4 5 6 |  6.7
Invocations    | 1 2 3 4 5 6 |  6.7
Evocations     | 1 2 3 4 5 6 |  6.7
Armour         | 3 4 5 6 7 |  7.2
Fighting       | 5 6 7 8 |  8.2
Axes           | 5 6 7 8 |  8.2
Dodging        | 5 6 7 8 |  8.2
Charms         | 7 8 9 |  9.4

Action                   |  1- 3 |  4- 6 |  7- 9 | 10-12 || total
-------------------------+-------+-------+-------+-------++-------
Melee: Hand axe          |    51 |       |       |       ||    51
       Bite              |     4 |    10 |    20 |    32 ||    66
       Punch             |     1 |       |       |       ||     1
       War axe           |     2 |    67 |   184 |   178 ||   431
       Whip              |       |     8 |       |       ||     8
Throw: Tomahawk          |       |       |     2 |    50 ||    52
 Cast: Infusion          |     9 |     1 |       |       ||    10
       Spectral Weapon   |     3 |    16 |    27 |    35 ||    81
       Shroud of Golubri |     1 |     2 |     5 |     1 ||     9
       Regeneration      |       |     1 |    10 |     6 ||    17
       Song of Slaying   |       |       |     3 |    12 ||    15
Invok: Slouch            |       |       |       |     4 ||     4
Evoke: Wand              |       |       |     5 |     7 ||    12
  Use: Scroll            |       |     6 |     6 |    14 ||    26
       Potion            |       |       |     1 |       ||     1
 Stab: Sleeping          |     1 |       |       |     3 ||     4
       Distracted        |       |     1 |     3 |     9 ||    13
  Eat: Chunk             |       |     3 |     5 |     2 ||    10
       Royal jelly       |       |       |       |     2 ||     2
Armor: Leather armour    |     6 |       |       |       ||     6
       Ring mail         |    10 |    18 |    59 |    28 ||   115
Dodge: Dodged            |    34 |    42 |    98 |    79 ||   253
Block: Buckler           |       |    11 |    36 |     6 ||    53
       Shield            |       |       |       |   158 ||   158

Table legend:
 A = Spawn XP
 B = Non-spawn XP
 C = Spawn XP percentage of total XP
 D = Spawn monster count
 E = Non-spawn monster count
 F = Spawn count percentage of total count
 G = Total turns spent on level
                    A         B        C        D         E        F      G
               +---------+---------+-------+---------+---------+-------+---------
         Total |       0 |   18551 |   0.0 |       0 |     269 |   0.0 |  4771
               +---------+---------+-------+---------+---------+-------+---------
           D:1 |       0 |      34 |   0.0 |       0 |      20 |   0.0 |   356
           D:2 |       0 |      78 |   0.0 |       0 |      11 |   0.0 |   389
           D:3 |       0 |     103 |   0.0 |       0 |      17 |   0.0 |   340
           D:4 |       0 |     252 |   0.0 |       0 |       9 |   0.0 |   213
           D:5 |       0 |     534 |   0.0 |       0 |      12 |   0.0 |   426
           D:6 |       0 |     738 |   0.0 |       0 |      24 |   0.0 |   460
           D:7 |       0 |     972 |   0.0 |       0 |      15 |   0.0 |   217
           D:8 |       0 |    2778 |   0.0 |       0 |       9 |   0.0 |   407
           D:9 |       0 |     274 |   0.0 |       0 |       9 |   0.0 |   113
          D:10 |       0 |    1718 |   0.0 |       0 |      20 |   0.0 |   341
          D:11 |       0 |    3336 |   0.0 |       0 |      22 |   0.0 |   384
          D:12 |       0 |    1472 |   0.0 |       0 |      13 |   0.0 |   135
         Orc:1 |       0 |    3654 |   0.0 |       0 |      22 |   0.0 |   294
         Orc:2 |       0 |    2585 |   0.0 |       0 |      45 |   0.0 |   426
       Ossuary |       0 |      23 |   0.0 |       0 |      21 |   0.0 |   266
               +---------+---------+-------+---------+---------+-------+---------

Table legend:
 A = Turns spent in this place as a percentage of turns spent in the entire game.
 B = Non-inter-level travel turns spent in this place as a percentage of non-inter-level travel turns spent in the entire game.
 C = Inter-level travel turns spent in this place as a percentage of turns spent in this place.
 D = Turns resting spent in this place as a percentage of non-inter-level travel turns spent in this place.
 E = Turns spent auto-exploring this place as a percentage of non-inter-level travel turns spent in this place.
 F = Non-inter-level travel turns spent in this place divided by the number of levels of this place that you've seen.
                   A       B       C       D       E      F
               +-------+-------+-------+-------+-------+----------------------
         Total | 100.0 | 100.0 |   2.8 |   0.0 |   0.0 | 289.8
       Dungeon |  79.3 |  79.4 |   2.7 |   0.0 |   0.0 | 283.2
  Orcish Mines |  15.1 |  14.8 |   4.4 |   0.0 |   0.0 | 344.0
       Ossuary |   5.6 |   5.7 |   0.0 |   0.0 |   0.0 | 266.0
               +-------+-------+-------+-------+-------+----------------------

Table legend:
 A = Kills in this place as a percentage of kills in entire the game.
 B = Kills by you in this place as a percentage of kills by you in the entire game.
 C = Kills by friends in this place as a percentage of kills by friends in the entire game.
 D = Other kills in this place as a percentage of other kills in the entire game.
 E = Experience gained in this place as a percentage of experience gained in the entire game.
 F = Experience gained in this place divided by the number of levels of this place that you have seen.
                   A       B       C       D       E      F
               +-------+-------+-------+-------+-------+----------------------
         Total | 100.0 | 100.0 | 100.0 | 100.0 | 100.0 | 1159.4
       Dungeon |  67.3 |  67.7 |  50.0 | 100.0 |  66.2 | 945.3
  Orcish Mines |  24.9 |  24.2 |  50.0 |   0.0 |  33.6 | 3119.5
       Ossuary |   7.8 |   8.1 |   0.0 |   0.0 |   0.1 |  23.0
               +-------+-------+-------+-------+-------+----------------------

Vault maps used:
D:1:      minmay_arrival_checkered_box
D:2:      minitemple, uniq_terence
D:3:      first_bread, serial_bayou_lagoon_a
D:4:      gammafunk_temple_overflow_pools, serial_shops, shop,
          serial_bayou_pond_e, kennysheep_slug_shrine
D:6:      nicolae_overflow_crystal_walls, minmay_temple_entry_overgrown
D:7:      kennysheep_mini, serial_shops, shop_statue,
          lightli_ossuary_entry_decrepit_ruins, uniq_joseph
D:8:      nicolae_overflow_hidden_temple, serial_shops, nicolae_shop_trees,
          shop, kennysheep_mini_moat, shop_fountains, uniq_gastronok
D:9:      cheibrodos_statue_roulette, gammafunk_temple_overflow_elements,
          minmay_lair_entry_grove, david_nohive_1
D:11:     serial_glass, glass_columns_a, glass_columns_a, serial_shops, shop,
          sword_in_stone
D:12:     cheibrodos_tormentor_scu, basic_altar, minmay_hedge_maze,
          nemelex_xobeh_ov_fountains_minmay, uniq_fannar
D:13:     david_vaults_2
Orc:2:    pf_orc_diabolical, led_sif_book
Ossuary:  ossuary_due_pyramid
